 Dungeon Crawl Stone Soup version 0.31-a0-1093-gadecf4124d (webtiles) character file.

Game seed: 1794627214385275042

120078 ChronoRanger the Slayer (level 16, -7/170 HPs)
             Began as a Minotaur Fighter on Nov 29, 2023.
             Was the Champion of Okawaru.
             Killed from afar by a spriggan druid (29 damage)
             ... with a stone arrow
             ... on level 2 of the Swamp.
             The game lasted 01:43:33 (27295 turns).

ChronoRanger the Slayer (Minotaur Fighter)         Turns: 27295, Time: 01:43:34

Health: -7/170     AC: 36    Str: 34    XL:     16   Next: 29%
Magic:  15/15      EV: 13    Int:  5    God:    Okawaru [******]
Gold:   1782       SH:  6    Dex: 13    Spells: 15/15 levels left

rFire   + . .        E - +1 demon whip (elec)
rCold   . . .        c - +1 buckler
rNeg    . . .        A - +0 plate armour {rF+}
rPois   +            D - +2 hat
rElec   .            (no cloak)
rCorr   .            J - +5 pair of gloves of Honour {Dex+4}
SInv    .            f - +2 pair of boots of the Ageless Curses {Str+4}
Will    +....        d - amulet of regeneration Stlth
                     l - +4 ring of protection
HPRegen 1.28/turn    O - ring of poison resistance
MPRegen 0.14/turn

%: no passive effects
@: lethally poisoned (-7 -> -7), hasted and slowed
A: horns 2, retaliatory headbutt
a: Renounce Religion, Heroism, Finesse, Duel, Receive Weapon, Receive Armour


You were on level 2 of the Swamp.
You worshipped Okawaru.
Okawaru was exalted by your worship.
You visited 5 branches of the dungeon, and saw 22 of its levels.
You also visited: Gauntlet.

You collected 2237 gold pieces.
You spent 455 gold pieces at shops.

Inventory:

Hand Weapons
 b - a +0 morningstar
 o - a -2 demon whip of venom
 E - a +1 demon whip of electrocution (weapon)
 M - the +1 great sword of the Middle {freeze, SInv}
   (You found it on level 5 of the Lair of Beasts)

   SInv:      It lets you see invisible.
Missiles
 t - 16 silver javelins (quivered)
 y - 5 darts of dispersal
 C - 7 curare-tipped darts
Armour
 c - a +1 buckler (worn)
 f - the +2 pair of boots of the Ageless Curses (worn) {Str+4}
   (You found it in a Gauntlet)

   Str+4:     It affects your strength (+4).
 A - a +0 plate armour of fire resistance (worn)
 D - a +2 hat (worn)
 J - the +5 pair of gloves of Honour (worn) {Dex+4}
   (You found it in a Gauntlet)

   Dex+4:     It affects your dexterity (+4).
 K - a +2 pair of boots of rampaging
Jewellery
 d - an amulet of regeneration (around neck)
 l - a +4 ring of protection (left hand)
 s - a ring of willpower
 O - a ring of poison resistance (right hand)
Wands
 h - a wand of mindburst (1)
 j - a wand of charming (12)
 n - a wand of iceblast (21)
 x - a wand of digging (10)
 z - a wand of acid (2)
 F - a wand of polymorph (6)
 N - a wand of flame (27)
Scrolls
 a - 2 scrolls of immolation
 g - 3 scrolls of identify
 k - 5 scrolls of teleportation
 m - 3 scrolls of fear
 q - a scroll of silence
 u - a scroll of summoning
 w - 3 scrolls of fog
 I - 2 scrolls of enchant armour
 Q - a scroll of poison
Potions
 e - 8 potions of curing
 i - a potion of invisibility
 p - 2 potions of cancellation {unknown}
 v - a potion of enlightenment
 B - a potion of resistance
 G - 3 potions of mutation
 H - a potion of lignification
 P - a potion of berserk rage
Miscellaneous
 L - a phial of floods


   Skills:
 + Level 22.7 Fighting
 - Level 14.0 Maces & Flails
 + Level 21.9 Armour
 - Level 10.0 Dodging
 - Level 5.0 Shields
 - Level 5.0 Evocations


You had 15 spell levels left.
You didn't know any spells.
Your spell library contained the following spells:

 Spells                   Type           Power      Damage    Failure   Level
 Apportation              Tloc           0%         N/A       88%         1
 Necrotise                Necr           0%         1d4       88%         1
 Sandblast                Erth           0%         2d4       88%         1
 Shock                    Conj/Air       0%         1d3       88%         1
 Slow                     Hex            0%         N/A       88%         1
 Sting                    Tmut/Pois      0%         1d3       88%         1
 Blink                    Tloc           0%         N/A       96%         2
 Cigotuvi's Dreadful Rot  Necr/Pois/Air  0%         N/A       96%         2
 Lesser Beckoning         Tloc           0%         N/A       96%         2
 Passwall                 Tmut/Erth      0%         N/A       96%         2
 Poisonous Vapours        Pois/Air       0%         N/A       96%         2
 Sublimation of Blood     Necr           0%         N/A       96%         2
 Confusing Touch          Hex            0%         N/A       99%         3
 Gell's Gravitas          Tloc           0%         N/A       99%         3
 Ignite Poison            Fire/Tmut/Pois 0%         N/A       99%         3
 Inner Flame              Hex/Fire       0%         N/A       99%         3
 Sigil of Binding         Hex            0%         N/A       99%         3
 Stone Arrow              Conj/Erth      0%         3d7       99%         3
 Swiftness                Air            0%         N/A       99%         3
 Teleport Other           Tloc           0%         N/A       99%         3
 Vampiric Draining        Necr           0%         2d6       99%         3
 Airstrike                Air            0%         2d(0-16)  100%        4
 Anguish                  Hex/Necr       0%         N/A       100%        4
 Brom's Barrelling Bould  Conj/Erth      0%         2d3       100%        4
 Dimensional Bullseye     Hex/Tloc       0%         N/A       100%        4
 Flame Wave               Conj/Fire      0%         2d4       100%        4
 Iskenderun's Mystic Bla  Conj/Tloc      0%         2d3       100%        4
 Manifold Assault         Tloc           0%         N/A       100%        4
 Olgreb's Toxic Radiance  Pois           0%         N/A       100%        4
 Petrify                  Tmut/Erth      0%         N/A       100%        4
 Sticky Flame             Conj/Fire      0%         2d3       100%        4
 Fireball                 Conj/Fire      0%         3d3       100%        5
 Freezing Cloud           Conj/Ice/Air   0%         6-21      100%        5
 Irradiate                Conj/Tmut      0%         3d11      100%        5
 Iskenderun's Battlesphe  Conj           0%         2d6       100%        5
 Conjure Ball Lightning   Conj/Air       0%         3x3d6     100%        6
 Orb of Destruction       Conj           0%         9d5       100%        7
 Borgnjor's Revivificati  Necr           0%         N/A       100%        8
 Death's Door             Necr           0%         N/A       100%        9
 Summon Small Mammal      Summ           Unusable   N/A       N/A         1
 Tukima's Dance           Hex            Unusable   N/A       N/A         3
 Haunt                    Necr/Summ      Unusable   N/A       N/A         7

Dungeon Overview and Level Annotations

Branches:
Dungeon (11/15)            Temple (0/1) D:7            Lair (5/5) D:10
  Swamp (2/4) Lair:3       Spider (2/4) Lair:2        Slime (0/5) Lair:5
    Orc (2/2) D:11            Elf (0/3) Orc:2       Gauntlet (visited)

Altars:
Ashenzari
Kikubaaqudgha
Okawaru
Qazlal
Ru
Trog
Wu Jian
Xom
Yredelemnul
The Shining One
Jiyva

Shops:
D:4 *   D:6 !   Orc:2 [*=(

Annotations:
D:4 3 runed translucent doors, Tomate's ghost, amateur OpSh
Swamp:2 3 runed translucent doors, Gumption's ghost, adept GrFi


Innate Abilities, Weirdness & Mutations

You have a pair of horns on your head.
You reflexively headbutt those who attack you in melee.


Message History

You whack the swamp dragon!
Lightning courses through the swamp dragon!!
The swamp dragon is moderately wounded.
You feel sick. The swamp dragon barely misses you.
The swamp dragon closely misses you.
The swamp dragon tramples you but does no damage.
You barely miss the swamp dragon.
The swamp dragon is moderately wounded.
You feel sick. A root smacks you from below!
* * * LOW HITPOINT WARNING * * *
The spriggan druid hits you but does no damage.
Okay, then.
You feel yourself speed up.
You feel very sick.
You feel roots moving beneath the ground.
A tree reaches out and hits you!
* * * LOW HITPOINT WARNING * * *
A root smacks you from below!
* * * LOW HITPOINT WARNING * * *
The swamp dragon bites you.
* * * LOW HITPOINT WARNING * * *
The swamp dragon claws you but does no damage.
The swamp dragon tramples you but does no damage.
The spriggan druid points at you and mumbles some strange words.
The stone arrow hits you.
* * * LOW HITPOINT WARNING * * *
The swamp dragon barely misses you.
The swamp dragon claws you but does no damage.
The swamp dragon barely misses you.
The spriggan druid hits you but does no damage.
You feel sick.
You are hit by a branch.
* * * LOW HITPOINT WARNING * * *
The spriggan druid attacks as it pursues you!
The spriggan druid barely misses you.
You see here a death drake corpse.
You feel sick. A tree reaches out and hits you!
* * * LOW HITPOINT WARNING * * *
The spriggan druid points at you and mumbles some strange words.
The stone arrow hits you!!
You die...

♣♣♣♣♣♣♣♣ ♣♣♣♣ ~~..~~.♣♣
♣♣~~♣♣ ~~~~~~~.♣♣♣.~~.♣
♣♣♣♣♣♣ ~~~~~~~.†♣♣.~~.♣
♣♣...~♣
~...~~...~.~†♣♣♣♣♣.~~~.♣
...~~~~....~.~♣♣.~i~~~.♣
~...~~~~......~.@†D...~♣
~§..~~~...~~....~♣♣♣§~♣♣
.~~~~~~.~...~~~.♣~~§.♣♣
~~~~~~~~.~~~.~~~.♣♣~.~♣
~~~~~~..♣.~~...~♣♣♣♣~.♣
~...~....~.~...~♣ ♣♣..♣
♣♣♣.......~......♣♣~~.♣
♣....~....≈≈......♣♣ ~
.≈≈≈≈..~~..♣


You could see a swamp dragon and a spriggan druid.

Vanquished Creatures
  Gastronok (Lair:2)
  Aizul (Swamp:1)
  2 orc warlords (Orc:2)
  The ghost of Tinttamiau the Bringer of Law, a journeyman FoHu of Zin (Lair:5)
  5 eleionomae
  A minotaur (Gauntlet)
  6 dire elephants (Lair:5)
  8 bunyips
  3 spark wasps
  An ettin (Orc:1)
  An entropy weaver (Spider:1)
  Erolcha (D:11)
  4 hydras
  A hell beast (Gauntlet)
  2 alligators
  4 boulder beetles
  6 two-headed ogres
  2 death yaks (Lair:5)
  A catoblepas (Lair:2)
  A demonic crawler (Spider:1)
  2 orc high priests (Orc:2)
  A spectral dire elephant (Lair:5)
  Amaemon (D:9)
  A spectral death yak (Lair:5)
  A spectral anaconda (Lair:5)
  A pharaoh ant (Spider:1)
  A skyshark (Lair:4)
  A death drake (Swamp:2)
  Lodul (D:10)
  A spriggan druid (Swamp:2)
  4 orb spiders
  6 steelbarb worms
  An obsidian statue (Lair:5)
  A lindwurm (Lair:3)
  2 bog bodies
  A phantasmal warrior (Lair:3)
  4 orc knights (Orc:2)
  3 necromancers (Lair:5)
  5 orc sorcerers
  3 manticores
  5 wolf spiders
  15 elephants
  16 cane toads
  3 black mambas (Lair:5)
  2 dire elephant zombies (Lair:5)
  2 torpor snails
  A gargoyle (D:11)
  An orange demon (D:9)
  3 rime drakes
  7 komodo dragons
  2 kobold blastminers (Orc:1)
  Psyche (D:9)
  5 tyrant leeches
  A polar bear (Lair:5)
  5 trolls
  31 blink frogs
  5 hornets
  11 tarantellas
  10 dream sheep
  3 spectral elephants (Lair:5)
  12 flying skulls (Gauntlet)
  9 spriggans
  4 shadows
  7 jumping spiders
  2 culicivoras
  63 yaks
  A vampire (D:10)
  2 wraiths
  Grum (D:9)
  8 wyverns
  5 vampire mosquitoes (Lair:3)
  7 basilisks
  A human (Lair:3)
  24 redbacks
  A death yak simulacrum (Lair:5)
  A steam dragon (Lair:3)
  6 swamp worms
  2 wargs
  4 spectral cane toads (Lair:5)
  An acid dragon (D:9)
  18 water moccasins
  A hell hound (Gauntlet)
  30 orc warriors
  2 sky beasts
  A swamp drake (Swamp:2)
  6 black bears
  An ice beast (D:5)
  An elephant zombie (Lair:5)
  6 wolves
  18 ogres
  3 elephant skeletons (Lair:5)
  9 centaurs
  A phantom (D:5)
  A kobold brigand (D:7)
  15 bullfrogs
  3 gnoll sergeants
  2 scorpions
  A cane toad simulacrum (Lair:5)
  6 wights
  4 elephant simulacra (Lair:5)
  A howler monkey (D:11)
  A jelly (D:5)
  25 orc priests
  2 hounds
  4 gnoll boudas
  A sleepcap (D:6)
  3 iguanas
  20 orc wizards
  7 hell rats (Lair:2)
  A hound zombie (D:4)
  29 gnolls
  8 adders
  A white imp (D:5)
  2 worms (D:3)
  2 dart slugs
  65 orcs
  2 ball pythons
  7 endoplasms
  9 hobgoblins
  15 jackals
  13 kobolds
  3 quokkas
  8 bats
  4 frilled lizards (D:1)
  5 goblins
  A quokka zombie (D:4)
  2 rats
753 creatures vanquished.

Vanquished Creatures (others)
  An ogre mage (Orc:2)
  2 bloated husks (Swamp:1)
  A swamp worm (Swamp:1)
  A swamp drake (Swamp:2)
  An orc wizard (D:6)
  12 foxfires (Swamp:2)
18 creatures vanquished.

Grand Total: 771 creatures vanquished

Notes
Turn   | Place    | Note
-------+----------+-------------------------------------------
     0 | D:1      | ChronoRanger the Minotaur Fighter began the quest for the
                  | Orb.
     0 | D:1      | Reached XP level 1. HP: 19/19 MP: 0/0
   185 | D:1      | Reached XP level 2. HP: 27/27 MP: 1/1
   844 | D:1      | Reached XP level 3. HP: 33/33 MP: 2/2
  1017 | D:2      | Reached skill level 4 in Fighting
  1562 | D:2      | Reached XP level 4. HP: 36/40 MP: 3/3
  1747 | D:3      | You fall into a shaft and drop 2 floors!
  1747 | D:5      | Entered Level 5 of the Dungeon
  1915 | D:5      | Reached XP level 5. HP: 18/47 MP: 4/4
  1991 | D:5      | Noticed a black bear
  2000 | D:5      | Killed a black bear
  2002 | D:5      | Reached skill level 5 in Maces & Flails
  2048 | D:5      | Reached XP level 6. HP: 43/55 MP: 5/5
  2066 | D:5      | Noticed an ice beast
  2129 | D:5      | Reached skill level 5 in Fighting
  2129 | D:5      | Reached skill level 5 in Armour
  2129 | D:5      | Reached skill level 5 in Shields
  3692 | D:4      | Reached XP level 7. HP: 61/61 MP: 6/6
  3777 | D:4      | Found Oguqot's Assorted Antiques.
  3827 | D:4      | Found a runed translucent gate.
  3827 | D:4      | Found a runed translucent gate.
  3827 | D:4      | Found a runed translucent gate.
  3827 | D:4      | Noticed Tomate's ghost (amateur OpSh)
  3829 | D:4      | Found a basalt altar of Yredelemnul.
  3943 | D:4      | Found a bloodstained altar of Trog.
  4097 | D:4      | Found a shimmering altar of Xom.
  4524 | D:5      | Reached skill level 6 in Fighting
  4530 | D:5      | Found a broken altar of Ashenzari.
  4734 | D:5      | Reached XP level 8. HP: 71/71 MP: 7/7
  4965 | D:6      | Found Reociuqe's Distillery.
  4972 | D:6      | Bought a potion of attraction for 36 gold pieces
  4972 | D:6      | Bought a potion of heal wounds for 60 gold pieces
  4972 | D:6      | Bought a potion of curing for 36 gold pieces
  5223 | D:6      | Found an ancient bone altar of Kikubaaqudgha.
  5230 | D:6      | Found an iron altar of Okawaru.
  5233 | D:6      | Found an ornate altar of the Wu Jian Council.
  5241 | D:6      | Became a worshipper of Warmaster Okawaru
  5404 | D:6      | Reached skill level 7 in Fighting
  5739 | D:6      | Reached * piety under Okawaru
  6255 | D:7      | Reached XP level 9. HP: 80/80 MP: 8/8
  6524 | D:7      | Reached skill level 10 in Maces & Flails
  6751 | D:7      | Found a staircase to the Ecumenical Temple.
  6837 | D:7      | Reached skill level 8 in Fighting
  7171 | D:7      | Reached ** piety under Okawaru
  8085 | D:9      | Noticed a komodo dragon
  8096 | D:9      | Killed a komodo dragon
  8097 | D:9      | Reached skill level 9 in Fighting
  8171 | D:9      | Noticed Psyche
  8171 | D:9      | Noticed a troll
  8187 | D:9      | Banished a troll
  8299 | D:9      | Found a sacrificial altar of Ru.
  8434 | D:9      | Reached *** piety under Okawaru
  8435 | D:9      | Reached XP level 10. HP: 64/91 MP: 9/9
  8684 | D:9      | Found a stormy altar of Qazlal.
  8688 | D:9      | Noticed Amaemon
  8688 | D:9      | Noticed an orange demon
  8706 | D:9      | Killed an orange demon
  8720 | D:9      | Killed Amaemon
  8720 | D:9      | Reached **** piety under Okawaru
  8831 | D:9      | Noticed Grum
  8843 | D:9      | Killed Grum
  8844 | D:9      | Reached skill level 10 in Armour
  8845 | D:9      | Reached skill level 10 in Fighting
  8899 | D:9      | Noticed a two-headed ogre
  8904 | D:9      | Killed a two-headed ogre
  9046 | D:10     | Entered Level 10 of the Dungeon
  9046 | D:10     | Noticed a two-headed ogre
  9054 | D:10     | Killed a two-headed ogre
  9055 | D:10     | Reached skill level 11 in Fighting
  9144 | D:9      | Reached skill level 1 in Dodging
  9261 | D:10     | Reached XP level 11. HP: 102/102 MP: 10/10
  9373 | D:9      | Killed Psyche
  9433 | D:10     | Found a staircase to the Lair.
  9488 | D:10     | Found a glowing golden altar of the Shining One.
  9513 | D:10     | Reached ***** piety under Okawaru
  9735 | D:10     | Reached skill level 12 in Fighting
  9902 | D:10     | Noticed a two-headed ogre
  9915 | D:10     | Killed a two-headed ogre
  9916 | D:10     | Reached skill level 5 in Dodging
 10353 | D:11     | Noticed Erolcha
 10424 | D:10     | Received a gift from Okawaru
 10638 | D:11     | Killed Erolcha
 10639 | D:11     | Reached skill level 13 in Fighting
 10707 | D:11     | Found a staircase to the Orcish Mines.
 11013 | D:11     | Noticed Lodul
 11210 | D:10     | Reached ****** piety under Okawaru
 11258 | D:10     | Killed Lodul
 11259 | D:10     | Reached skill level 14 in Fighting
 11259 | D:10     | Reached XP level 12. HP: 86/117 MP: 11/11
 11400 | D:11     | Noticed a boulder beetle
 11410 | D:11     | Killed a boulder beetle
 11705 | Lair:1   | Entered Level 1 of the Lair of Beasts
 11760 | Lair:1   | Received a gift from Okawaru
 12092 | Lair:1   | Reached skill level 15 in Fighting
 12371 | Lair:1   | Reached skill level 10 in Dodging
 12442 | Lair:1   | Noticed a four-headed hydra
 12451 | Lair:1   | Killed a four-headed hydra
 13082 | Lair:2   | Reached skill level 1 in Evocations
 13148 | Lair:2   | Received a gift from Okawaru
 13221 | Lair:2   | Noticed a catoblepas
 13235 | Lair:2   | Killed a catoblepas
 13236 | Lair:2   | Reached skill level 16 in Fighting
 13526 | Lair:2   | Found a hole to the Spider Nest.
 13585 | Lair:2   | Noticed Gastronok
 13727 | Lair:2   | Killed Gastronok
 13728 | Lair:2   | Reached XP level 13. HP: 116/130 MP: 9/12
 14011 | Lair:2   | Received a gift from Okawaru
 14857 | Lair:3   | Found a staircase to the Swamp.
 14871 | Lair:3   | Found the +2 shield of Resistance {rF++ rC++ Will++}
 15017 | Lair:3   | Found a runed translucent door.
 15167 | Lair:4   | Reached skill level 5 in Evocations
 15174 | Lair:4   | Reached skill level 17 in Fighting
 15179 | Lair:4   | Received a gift from Okawaru
 15908 | Lair:4   | Received a gift from Okawaru
 16298 | Lair:4   | Reached skill level 18 in Fighting
 16660 | Orc:1    | Entered Level 1 of the Orcish Mines
 17129 | Orc:2    | Entered Level 2 of the Orcish Mines
 17129 | Orc:2    | Noticed an ettin
 17150 | Orc:1    | Killed an ettin
 17151 | Orc:1    | Reached XP level 14. HP: 25/143 MP: 11/13
 17338 | Orc:2    | Noticed an orc warlord
 17360 | Orc:2    | Killed an orc warlord
 17604 | Orc:2    | Found a staircase to the Elven Halls.
 17621 | Orc:2    | Received a gift from Okawaru
 18765 | Orc:2    | Reached skill level 19 in Fighting
 18831 | Orc:2    | Received a gift from Okawaru
 19164 | Orc:2    | Noticed an orc warlord
 19196 | Orc:2    | Killed an orc warlord
 19197 | Orc:2    | Reached skill level 15 in Armour
 19455 | Orc:2    | Found Qiqiskog's Jewellery Emporium.
 19471 | Orc:2    | Found Diquta's Antique Weapon Emporium.
 19500 | Orc:2    | Found Upnuklu's General Store.
 19533 | Orc:2    | Found Tox Xed's Antique Armour Emporium.
 19539 | Orc:2    | Bought a pair of spiked boots for 323 gold pieces
 19539 | Orc:2    | Identified the +0 pair of boots of the Hunter {Str+3} (You
                  | bought it in a shop on level 2 of the Orcish Mines)
 19695 | Lair:5   | Entered Level 5 of the Lair of Beasts
 19873 | Lair:5   | Reached skill level 20 in Fighting
 19884 | Lair:5   | Found a gate leading to a gauntlet.
 19890 | Gauntlet | Entered a Gauntlet
 19890 | Gauntlet | Found a transporter.
 19890 | Gauntlet | Found a transporter.
 19909 | Gauntlet | Found a transporter.
 19912 | Gauntlet | Found a transporter.
 19913 | Gauntlet | Found a transporter.
 19922 | Gauntlet | Found a transporter.
 19936 | Gauntlet | Found a transporter.
 19944 | Gauntlet | Found a transporter.
 19961 | Gauntlet | Found a transporter.
 19969 | Gauntlet | Found a transporter.
 19986 | Gauntlet | Found a transporter.
 20040 | Gauntlet | Found a transporter.
 20211 | Gauntlet | Received a gift from Okawaru
 20264 | Gauntlet | Identified the +2 pair of boots of the Ageless Curses
                  | {Str+4}
 20331 | Gauntlet | Identified the +5 pair of gloves of Honour {Dex+4}
 20363 | Gauntlet | Found the +8 storm bow {elec, penet}
 20751 | Lair:5   | Found a viscous altar of Jiyva.
 20751 | Lair:5   | Found a staircase to the Slime Pits.
 21139 | Lair:5   | Found a runed translucent door.
 21141 | Lair:5   | Noticed Tinttamiau's ghost (journeyman FoHu)
 21174 | Lair:5   | Killed Tinttamiau's ghost
 21430 | Lair:5   | Reached XP level 15. HP: 148/157 MP: 14/14
 21654 | Lair:5   | Identified a scroll of acquirement
 21654 | Lair:5   | Acquired a manual of Armour
 21749 | Lair:5   | Received a gift from Okawaru
 21806 | Lair:5   | Reached skill level 21 in Fighting
 22301 | Lair:5   | Identified the +1 great sword of the Middle {freeze, SInv}
 22779 | Lair:5   | Received a gift from Okawaru
 22898 | Spider:1 | Entered Level 1 of the Spider Nest
 23774 | Spider:1 | Received a gift from Okawaru
 24887 | Swamp:1  | Entered Level 1 of the Swamp
 24943 | Swamp:1  | Received a gift from Okawaru
 25148 | Swamp:1  | Reached skill level 22 in Fighting
 25182 | Swamp:1  | Identified the serpent talisman "Oleriese" {rPois rF++
                  | Str-4 Int+3 Dex-2}
 25182 | Swamp:1  | Noticed Aizul
 25225 | Swamp:1  | Killed Aizul
 25957 | Spider:2 | Reached XP level 16. HP: 142/169 MP: 15/15
 26817 | Swamp:2  | Noticed Gumption's ghost (adept GrFi)
 26925 | Swamp:2  | Found a runed translucent gate.
 26925 | Swamp:2  | Found a runed translucent gate.
 26966 | Swamp:2  | Found a runed translucent gate.
 26989 | Swamp:2  | Received a gift from Okawaru
 27137 | Swamp:2  | Got the Annotations on Terrestrial Unhallowed Rites
 27295 | Swamp:2  | Killed from afar by a spriggan druid

Illustrated notes

Levels and vault maps discovered:
D:1:      lightli_iron_boxes, layout_basic, serial_co_window_serial,
          co_window_paths_a, co_window_corner_a, co_window_corner_a,
          co_window_paths_a, co_window_paths_a, co_window_of_opportunity_a,
          co_window_unsneaky_path_a, co_window_cross_2, co_window_corner_b,
          co_window_corner_b, co_window_corner_b, co_window_2corner,
          co_window_paths_d
D:2:      layout_loops_ring
D:3:      layout_basic, minmay_stone_trees_large
D:4:      nicolae_cairo_tiling_large, layout_basic,
          nicolae_yredelemnul_ghost_church, mainiacjoe_overflow_24_doors,
          kennysheep_mini_moat, serial_shops, shop
D:5:      layout_loops_ring, ashenzari_conservatory_becter
D:6:      layout_basic, minmay_overflow_temple_star_quad, serial_shops,
          nicolae_shop_advertising_works [nicolae_subvault_shop_adworks],
          hangedman_decor_diamond_cutter
D:7:      layout_cave_pods, minmay_temple_entry_nine_rooms,
          grunt_decor_resistance
D:8:      layout_cave_pods
D:9:      layout_loops_ring, mainiacjoe_overflow_catwalk,
          nicolae_ru_awakened_eye, uniq_psyche, uniq_grum, uniq_amaemon
D:10:     layout_gridville, mainiacjoe_overflow_tiny_flanked,
          minmay_lair_entry_grove
D:11:     layout_big_octagon, orc_0_dummy, grunt_ministairs_10, uniq_erolcha,
          uniq_lodul
Lair:1:   layout_cave_pods, beast_lair_carwin_2, grunt_megastairs_5,
          infiniplex_staircase_pool_2
Lair:2:   layout_regular_city, spider_nest_entry_a, uniq_gastronok
Lair:3:   layout_hall_layers, minmay_swamp_entry_swarm,
          pdpol_lair_cabin_in_the_woods
Lair:4:   layout_misc_corridors, wad_woods_01
Lair:5:   due_jungle_book, layout_small_grid, slime_entry_1,
          gammafunk_ghost_grave, gauntlet_entry_generic
Swamp:1:  layout_basic_swamp, nicolae_swamp_little_tower, uniq_aizul
Swamp:2:  layout_basic_swamp, gammafunk_ghost_split, nicolae_swamp_bean_lake
Spider:1: layout_chambers, nicolae_spider_paper_wasps
Spider:2: layout_spider_delve
Orc:1:    layout_diamond_mine
Orc:2:    grunt_orc_cross, layout_caves, basic_altar

Skill      XL: |  1  2  3  4  5  6  7  8  9 10 11 12 13 14 15 |
---------------+----------------------------------------------+-----
Maces & Flails | 3 4 5 6 7 9 12 14 | 14.0
Armour         | 4 5 6 7 9 10 13 15 21 | 21.9
Fighting       | 4 5 6 7 9 11 14 16 18 20 22 | 22.7
Shields        | 4 5 |  5.0
Dodging        | 2 8 10 | 10.0
Evocations     | 3 5 |  5.0

Action                     |  1- 3 |  4- 6 |  7- 9 | 10-12 | 13-15 | 16-18 || total
---------------------------+-------+-------+-------+-------+-------+-------++-------
  Melee: Flail             |    89 |   121 |   306 |       |       |       ||   516
         Headbutt          |     5 |    16 |    63 |   126 |   408 |    42 ||   660
         Morningstar       |       |       |    30 |   589 |  1544 |       ||  2163
         Unarmed           |       |       |     7 |       |       |       ||     7
         Demon whip        |       |       |       |       |    44 |   189 ||   233
 Invoke: Heroism           |       |       |     1 |     4 |     6 |       ||    11
         Finesse           |       |       |       |       |     1 |       ||     1
  Evoke: Wand              |       |       |       |    12 |     7 |     9 ||    28
    Use: Scroll            |     1 |    10 |     2 |     7 |    11 |       ||    31
         Potion            |       |     3 |       |     3 |     4 |     1 ||    11
 Armour: Scale mail        |    44 |       |       |       |       |       ||    44
         Chain mail        |       |    80 |   190 |       |       |       ||   270
         Plate armour      |       |       |    66 |   553 |  1317 |   115 ||  2051
         Skin              |       |       |     5 |   152 |       |       ||   157
  Dodge: Dodged            |    31 |    40 |   101 |   232 |   713 |    55 ||  1172
  Block: Buckler           |    20 |    28 |    59 |   180 |   343 |    12 ||   642

Table legend: (Time is in decaauts)
 A = Elapsed time spent in this place.
 B = Non-inter-level travel time spent in this place.
 C = Inter-level travel time spent in this place.
 D = Time resting spent in this place.
 E = Time spent auto-exploring this place.
 F = Levels seen in this place.
 G = Mean time per level.
                   A        B        C        D        E       F      G
               +--------+--------+--------+--------+--------+-----+--------+
         Total |  27058 |  25821 |   1237 |   3943 |  10841 |  23 | 1176.4 |
       Dungeon |  12104 |  11553 |    551 |   1399 |   7249 |  11 | 1100.4 |
          Lair |   7582 |   7156 |    426 |    831 |   2243 |   5 | 1516.4 |
         Swamp |   1549 |   1473 |     76 |    408 |    303 |   2 |  774.5 |
   Spider Nest |   2644 |   2489 |    155 |    608 |    254 |   2 | 1322.0 |
  Orcish Mines |   2630 |   2603 |     27 |    588 |    606 |   2 | 1315.0 |
      Gauntlet |    547 |    547 |      0 |    109 |    186 |   1 |  547.0 |
               +--------+--------+--------+--------+--------+-----+--------+

Top non-repeatable levels by time:
  Lair:5: 2509 daAuts
Spider:1: 2041 daAuts
   Orc:2: 1910 daAuts
    D:10: 1729 daAuts
  Lair:4: 1469 daAuts
  Lair:2: 1440 daAuts
  Lair:1: 1265 daAuts
     D:6: 1212 daAuts
    D:11: 1172 daAuts
     D:3: 1171 daAuts
     D:7: 1092 daAuts
     D:5: 1078 daAuts
     D:9: 1039 daAuts
     D:1: 1022 daAuts
 Swamp:1: 983 daAuts
